 Dungeon Crawl Stone Soup version 0.30-a0-1160-g6e42c06551 (webtiles) character file.

Game seed: 11931573917252556141

189 xian the Trooper (level 5, -7/42 HPs)
             Began as a Demonspawn Wanderer on Apr 27, 2023.
             Was an Initiate of Uskayaw.
             Mangled by a kobold brigand
             ... wielding a +0 short sword
              (8 damage)
             ... in a sewer.
             The game lasted 00:08:15 (3045 turns).

xian the Trooper (Demonspawn Wanderer)              Turns: 3045, Time: 00:08:15

Health: -7/42      AC:  5    Str: 15    XL:     5   Next: 40%
Magic:  2/5        EV: 11    Int: 13    God:    Uskayaw [......]
Gold:   91         SH:  3    Dex: 12    Spells: 4/4 levels left

rFire   + . .        a - +1 short sword
rCold   . . .        q - +0 buckler
rNeg    . . .        d - +0 leather armour
rPois   .            (helmet restricted)
rElec   .            (no cloak)
rCorr   .            (no gloves)
SInv    .            (no boots)
Will    .....        (no amulet)
Stlth   +            e - ring of protection from fire
HPRegen 0.27/turn    (no ring)
MPRegen 0.09/turn

%: no passive effects
@: slowed, very slow
A: antennae 1, slimy green scales 1, foul stench 1
a: Renounce Religion


You were in a sewer.
You worshipped Uskayaw.
Uskayaw was noncommittal.
You visited 1 branch of the dungeon, and saw 3 of its levels.
You also visited: Sewer.

You collected 91 gold pieces.

Inventory:

Hand Weapons
 a - a +1 short sword (weapon)
Missiles
 o - 22 poisoned darts
Armour
 d - a +0 leather armour (worn)
 q - a +0 buckler (worn)
Jewellery
 e - a ring of protection from fire (left hand)
 g - a ring of protection from fire
Wands
 b - a wand of mindburst (5) (quivered)
Scrolls
 c - a scroll of fear
 k - a scroll of enchant armour {unknown}
 m - a scroll of silence {unknown}
 n - 4 scrolls of identify {unknown}
 p - a scroll of vulnerability {unknown}
 t - a scroll of acquirement {unknown}
Potions
 f - 4 potions of brilliance {unknown}
 h - 2 potions of degeneration {unknown}
 i - 2 potions of curing {unknown}
 j - a potion of berserk rage {unknown}
 l - a potion of attraction {unknown}
 r - a potion of heal wounds {unknown}
 s - a potion of invisibility {unknown}


   Skills:
 + Level 3.7 Fighting
 + Level 2.5 Short Blades
 + Level 1.9 Throwing
 + Level 2.4 Armour
 + Level 1.7 Dodging
 + Level 0.4 Stealth
 + Level 3.3 Evocations


You had 4 spell levels left.
You didn't know any spells.
Your spell library contained the following spells:

 Spells                   Type           Power      Damage    Failure   Level
 Apportation              Tloc           0%         N/A       45%         1
 Alistair's Intoxication  Tmut/Pois      0%         N/A       100%        5


Dungeon Overview and Level Annotations

Branches:
Dungeon (3/15)              Sewer (1/1)

Altars:
Uskayaw

Annotations:
D:3 1 runed translucent door, Juicyj's ghost, amateur MiFi


Innate Abilities, Weirdness & Mutations

You have a pair of small antennae on your head.
You are partially covered in slimy green scales. (AC +2)
You may rarely emit foul miasma when damaged in melee.


Message History

The kobold brigand is wielding a +0 short sword and quivering curare-tipped darts.
A kobold is wielding a +0 dagger and quivering poisoned darts.
The kobold brigand shouts!
The kobold shouts!
The kobold brigand throws a curare-tipped dart.
The curare-tipped dart hits you.
You are poisoned.
You have difficulty breathing.
You feel yourself slow down.
Found 2 lumpy ruby potions.
Found a gate leading back out of this place.
You feel very sick.
There is a large open door here.
You feel sick.
The kobold brigand hits you with a +0 short sword.
You block the kobold's attack.
There is a large open door here.
You stomp with the beat, sending a shockwave through the revellers around you!
You kill the kobold!
The kobold brigand is moderately wounded.
You can no longer stomp with the beat.
You feel sick.
The kobold shouts!
The kobold brigand hits you with a +0 short sword.
You miss the kobold brigand.
The kobold brigand is moderately wounded.
You feel sick.
The kobold brigand hits you with a +0 short sword.
You block the kobold brigand's attack. The kobold barely misses you.
You closely miss the kobold brigand.
The kobold brigand is moderately wounded.
You feel sick. The kobold barely misses you.
The kobold brigand hits you with a +0 short sword.
* * * LOW HITPOINT WARNING * * *
You completely miss the kobold brigand.
The kobold brigand is moderately wounded.
You feel sick.
You are no longer poisoned.
The kobold hits you but does no damage.
The kobold brigand hits you with a +0 short sword!
* * * LOW HITPOINT WARNING * * *
The kobold brigand hits you with a +0 short sword!
You die...

~.........~~P~..)..∩.#.∩.#
~P........~~~~P.#....#...#
############~~########'###
~ ~~~~~~~~~~~~~†~~~~~~~≈#
≈~≈≈≈≈≈~≈≈≈≈≈†≈≈≈≈≈~≈≈#
~~~~~~~~~~~~~~~~~~~~≈#
######~~~#################
..PP~~P~~~~~....#....#
P.P~~..~~~~.....@K.∩.#
.........P......K....#
................#....#
................######
......†........##
....##..P......#
...####..####### #### ####


You could see a kobold brigand and a kobold.

Vanquished Creatures
  A hound (D:3)
  4 adders (D:2)
  3 gnolls (D:2)
  4 worms
  3 dart slugs
  7 ball pythons
  4 endoplasms
  5 giant cockroaches
  4 goblins
  2 hobgoblins (D:1)
  5 jackals (D:2)
  12 kobolds
  2 quokkas
  6 bats
  8 frilled lizards
  9 rats
79 creatures vanquished.

Vanquished Creatures (others)
  2 fungi (D:1)
  5 plants
7 creatures vanquished.

Grand Total: 86 creatures vanquished

Notes
Turn   | Place    | Note
-------+----------+-------------------------------------------
     0 | D:1      | xian the Demonspawn Wanderer began the quest for the Orb.
     0 | D:1      | xian set off with the following items: a +1 short sword, a
                  | wand of mindburst (11), a scroll of fear, a +0 leather
                  | armour.
     0 | D:1      | Reached XP level 1. HP: 18/18 MP: 1/1
   145 | D:1      | Gained mutation: You are partially covered in slimy green
                  | scales. (AC +2) [demonic ancestry]
   145 | D:1      | Reached XP level 2. HP: 21/24 MP: 2/2
   623 | D:1      | Found a faded altar of an unknown god.
   746 | D:1      | Prayed at the altar of an unknown god.
   746 | D:1      | Became a worshipper of Uskayaw the Reveller
   746 | D:1      | Reached * piety under Uskayaw
   800 | D:2      | Reached XP level 3. HP: 25/29 MP: 3/3
   960 | D:2      | Reached ** piety under Uskayaw
   962 | D:2      | Reached skill level 1 in Armour
  1661 | D:2      | Gained mutation: You may rarely emit foul miasma when
                  | damaged in melee. [demonic ancestry]
  1661 | D:2      | Reached XP level 4. HP: 36/36 MP: 4/4
  1673 | D:2      | Reached *** piety under Uskayaw
  2283 | D:3      | Found a runed translucent door.
  2289 | D:3      | Gained mutation: You have a pair of small antennae on your
                  | head. [demonic ancestry]
  2289 | D:3      | Reached XP level 5. HP: 32/42 MP: 5/5
  2445 | D:3      | Noticed Juicyj's ghost (amateur MiFi)
  2535 | D:3      | Found a glowing drain.
  2613 | D:3      | HP: 1/42 [worm (10)]
  2624 | Sewer    | Entered a sewer
  3045 | Sewer    | HP: 1/42 [kobold brigand/+0 short sword (7)]
  3045 | Sewer    | Mangled by a kobold brigand

Illustrated notes

Levels and vault maps discovered:
D:1:      roderic_crossed_star, layout_loops_ring,
          shapermc_ecumenical_altar_ellora, kennysheep_doodads
D:2:      layout_basic, minmay_tetromino_o2
D:3:      layout_basic, ebering_ghost_sewer_f, cheibrodos_sewer_entry_bend,
          minmay_statues_item, uniq_crazy_yiuf_cottage
Sewer:    kennysheep_pipe_town

Skill      XL: |  1  2  3  4 |
---------------+-------------+-----
Armour         | 1 2 |  2.4
Short Blades   | 2 |  2.5
Fighting       | |  3.7
Throwing       | |  1.9
Dodging        | |  1.7
Stealth        | |  0.4
Evocations     | |  3.3

Action                     |  1- 3 |  4- 6 || total
---------------------------+-------+-------++-------
  Melee: Short sword       |   196 |   188 ||   384
         Punch             |     2 |       ||     2
 Invoke: Stomp             |       |     2 ||     2
  Evoke: Wand              |     2 |     4 ||     6
    Use: Scroll            |       |     3 ||     3
   Stab: Paralysed         |       |     2 ||     2
 Armour: Leather armour    |    82 |    54 ||   136
  Dodge: Dodged            |   126 |   109 ||   235
  Block: Buckler           |       |    14 ||    14

Table legend: (Time is in decaauts)
 A = Elapsed time spent in this place.
 B = Non-inter-level travel time spent in this place.
 C = Inter-level travel time spent in this place.
 D = Time resting spent in this place.
 E = Time spent auto-exploring this place.
 F = Levels seen in this place.
 G = Mean time per level.
                   A        B        C        D        E       F      G
               +--------+--------+--------+--------+--------+-----+--------+
         Total |   3048 |   2974 |     74 |    138 |   1809 |   4 |  762.0 |
       Dungeon |   2604 |   2530 |     74 |      0 |   1723 |   3 |  868.0 |
         Sewer |    443 |    443 |      0 |    138 |     86 |   1 |  443.0 |
               +--------+--------+--------+--------+--------+-----+--------+

Top non-repeatable levels by time:
     D:2: 1485 daAuts
     D:1: 779 daAuts
   Sewer: 443 daAuts
     D:3: 339 daAuts
